Map: Fear and Faith LE

Players

SLicKcHeeZEE

  • Race: Zerg Zerg

A.I. 1 (Very Hard) - Winner!

  • Race: Terran Terran

VOD

Have the link to the VOD?

Description

Time

  • Played on: Sept. 10, 2026, 1:57 a.m.
  • Length: 9:05
Show
View Real Time Build Order
Export as new Build Order

SLicKcHeeZEE Zerg 

Build Orders: Hatch First 

Get SALT Encoding   

  8  0:00  Drone  
  9  0:11  Drone  
  10  0:17  Drone  
  11  0:27  Overlord  
  11  0:33  Drone  
  12  0:45  Drone x2  
  14  0:51  Drone  
  15  1:15  Hatchery, Drone  
  15  1:19  Drone  
  16  1:34  Spawning Pool  
  16  1:37  Extractor  
  16  1:39  Drone  
  15  1:43  Drone  
  16  1:47  Drone  
  16  1:52  Drone  
  18  2:01  Overlord  
  18  2:11  Drone  
  19  2:21  Queen  
  21  2:27  Queen  
  23  2:34  Drone  
  23  2:35  Drone  
  25  2:40  Overlord  
  25  2:45  Drone  
  25  2:48  Drone  
  25  2:50  Drone  
  28  2:54  Drone  
  29  3:03  Lair  
  29  3:11  Roach Warren  
  28  3:14  Drone  
  28  3:19  Overlord  
  29  3:26  Drone  
  29  3:27  Drone  
  31  3:33  Drone x2  
  31  3:34  Drone x2  
  35  3:37  Drone  
  36  3:43  Overlord  
  36  3:51  Roach x2  
  36  3:52  Roach  
  44  3:55  Roach  
  44  4:00  Extractor  
  43  4:03  Hydralisk Den  
  43  4:05  Drone  
  43  4:06  Drone x2  
  45  4:12  Extractor  
  45  4:13  Drone x2  
  45  4:14  Drone  
  47  4:29  Hatchery  
  46  4:35  Hydralisk x2  
  50  4:40  Evolution Chamber  
  50  4:41  Overlord  
  49  4:46  Drone x2  
  49  4:48  Drone  
  49  4:50  Drone  
  53  4:58  Drone x3  
  53  4:59  Drone  
  57  5:05  Glial Reconstitution  
  57  5:07  Grooved Spines  
  57  5:11  Zerg Missile Weapons Level 1  
  57  5:15  Overlord  
  57  5:19  Overlord  
  57  5:29  Roach x2  
  57  5:30  Roach  
  57  5:33  Roach  
  57  5:34  Roach  
  57  5:35  Roach  
  69  5:36  Hydralisk  
  69  5:39  Hydralisk  
  73  6:03  Queen  
  75  6:09  Drone  
  75  6:10  Drone x4  
  81  6:11  Drone  
  81  6:12  Overlord x2  
  81  6:17  Muscular Augments  
  81  6:28  Evolution Chamber  
  80  6:59  Roach x2  
  80  7:00  Roach  
  80  7:01  Roach x2  
  90  7:02  Hydralisk x3  
  90  7:03  Hydralisk  
  98  7:22  Overlord x2  
  98  7:32  Ravager x2  
  100  7:41  Extractor  
  100  7:43  Drone  
  100  7:44  Drone x2  
  102  7:53  Ravager  
  103  8:06  Roach x4  
  103  8:07  Roach  
  103  8:10  Hydralisk  
  115  8:15  Overlord x2  
Show
View Real Time Build Order
Export as new Build Order

A.I. 1 (Very Hard) Terran - Winner!

Build Orders:  

Get SALT Encoding   

  8  0:00  SCV  
  9  0:13  SCV  
  10  0:25  SCV  
  11  0:37  SCV  
  12  0:46  Supply Depot  
  12  0:49  SCV  
  13  1:07  SCV  
  13  1:10  Barracks  
  14  1:19  SCV  
  15  1:32  SCV  
  16  1:44  SCV  
  17  1:50  Supply Depot  
  17  1:56  SCV  
  17  1:57  Refinery  
  17  1:58  Marine  
  19  2:08  SCV  
  20  2:16  Marine  
  20  2:17  Barracks  
  20  2:20  SCV  
  22  2:26  Refinery  
  22  2:32  SCV  
  22  2:34  Marine  
  24  2:44  Supply Depot, SCV  
  25  2:51  Marine  
  25  2:56  SCV  
  27  3:04  Marine  
  28  3:08  SCV  
  28  3:09  Factory  
  29  3:15  Marine  
  30  3:20  SCV  
  30  3:21  Marine  
  32  3:32  Marine  
  32  3:33  SCV  
  34  3:39  Marine  
  35  3:45  SCV  
  36  3:51  Barracks  
  36  3:57  SCV  
  36  3:59  Supply Depot  
  37  4:04  Barracks Tech Lab  
  37  4:06  Barracks Tech Lab  
  37  4:19  Starport, Factory Tech Lab  
  37  4:21  SCV  
  38  4:33  SCV, Marine  
  40  4:39  Marine  
  40  4:42  Stimpack  
  40  4:45  SCV  
  42  4:47  Combat Shield  
  42  4:57  SCV  
  43  5:03  Supply Depot  
  43  5:09  SCV  
  44  5:21  SCV  
  44  5:24  Marine  
  44  5:25  Marauder  
  44  5:26  Supply Depot  
  48  5:33  SCV  
  49  5:37  Barracks Reactor, Siege Tank  
  52  5:44  Command Center  
  52  5:45  Marine  
  52  5:46  Orbital Command  
  52  5:48  Marauder  
  55  5:58  Supply Depot  
  55  6:04  Marauder  
  57  6:09  Marine  
  58  6:20  Siege Tank  
  58  6:25  Marauder  
  63  6:30  Supply Depot  
  63  6:32  Marauder  
  65  6:47  Marauder  
  67  6:48  Engineering Bay  
  67  6:52  Siege Tank  
  67  6:54  Marauder  
  72  6:57  SCV  
  72  6:59  Supply Depot  
  72  7:00  SCV  
  74  7:08  Marauder  
  76  7:09  SCV  
  76  7:12  SCV  
  78  7:16  Marauder  
  78  7:21  Concussive Shells  
  78  7:22  SCV  
  81  7:24  Siege Tank, SCV  
  81  7:29  Marauder  
  87  7:34  SCV  
  87  7:36  Supply Depot, SCV  
  89  7:42  Engineering Bay  
  89  7:46  SCV  
  89  7:48  SCV  
  91  7:55  Missile Turret  
  91  7:58  SCV  
  92  7:59  Missile Turret  
  92  8:00  Orbital Command  
  92  8:06  Barracks, Starport Reactor  
  92  8:11  Marine  
  93  8:13  Marine, Supply Depot  
  94  8:21  Siege Tank  
  97  8:29  Refinery  
  97  8:30  Marauder  
  97  8:31  Marauder  
  101  8:35  Marine  
  101  8:36  Supply Depot, Marine  
  101  8:38  Refinery  
Tags
 
Add a new tag
Caveats
  • Supply blocks, unpowered buildings, or Contaminate may cause inaccurate times.
  • Supply counts are checked every 10 seconds.